[ AOE2 MATCH · #468037745 ]
1v1 RMChinese vs Malians
Player's team · LOSS
Rival team · WIN
[ REPLAY ANALYSIS · EXTRACTED FROM THE RECORDED GAME ]
Feudal
12:27
Castle
31:55
Imperial
51:51
| APM avg | 43.4 |
| APM peak | 102 |
| eAPM avg | 23.6 |
| Villagers / military | 156 / 145 |
Focus
⚔️ 22.8% · 🌾 77.2%
Archer ×93 · Militia ×25 · Spearman ×18 · Knight ×6 · Monk ×2 · Trebuchet (Packed) ×1
Feudal
—
Castle
—
Imperial
—
| APM avg | 43.2 |
| APM peak | 131 |
| eAPM avg | 25.0 |
| Villagers / military | 113 / 138 |
Focus
⚔️ 42.0% · 🌾 58.0%
Camel Scout ×57 · Gbeto ×51 · Mangonel ×11 · Monk ×9 · Scout Cavalry ×7 · Trebuchet (Packed) ×3
Match map
Initial resources + every placement click. Lines = walls · curves = elevation contours. ◆ gold · ⬟ stone · ● berries · ✦ relic · ◌ wall gap
Your base· ✓ Closed at 31:55 · 114t walls · no gate
josecai3314's base· Open — opponent sealed themselves in
Smoothed initial terrain · ◌ = detected wall gap · hover for details
Inputs per minute
— likes it in the Bum - - josecai3314
Build order — likes it in the Bum
First 150 of 480 actions detected
| 0:05 | Research | Loom |
| 0:55 | Create | Villager (Male) |
| 0:55 | Create | Villager (Male) |
| 1:21 | Create | Villager (Male) |
| 2:08 | Create | Villager (Male) |
| 2:09 | Create | Villager (Male) |
| 2:47 | Build | Lumber Camp |
| 3:00 | Create | Villager (Male) |
| 3:00 | Create | Villager (Male) |
| 3:01 | Create | Villager (Male) |
| 3:01 | Create | Villager (Male) |
| 4:25 | Create | Villager (Male) |
| 4:25 | Create | Villager (Male) |
| 4:26 | Create | Villager (Male) |
| 4:26 | Create | Villager (Male) |
| 5:08 | Create | Villager (Male) |
| 5:19 | Build | House |
| 5:43 | Create | Villager (Male) |
| 5:43 | Create | Villager (Male) |
| 5:58 | Create | Villager (Male) |
| 6:31 | Build | Mill |
| 6:43 | Create | Villager (Male) |
| 6:43 | Create | Villager (Male) |
| 7:20 | Create | Villager (Male) |
| 7:20 | Create | Villager (Male) |
| 7:20 | Create | Villager (Male) |
| 7:36 | Build | Barracks |
| 7:41 | Build | Palisade Wall |
| 7:46 | Build | House |
| 7:58 | Create | Villager (Male) |
| 7:59 | Create | Villager (Male) |
| 8:12 | Build | House |
| 8:37 | Create | Villager (Male) |
| 8:39 | Create | Villager (Male) |
| 8:40 | Create | Villager (Male) |
| 9:26 | Build | Mining Camp |
| 9:39 | Build | Palisade Wall |
| 9:53 | Build | Palisade Wall |
| 10:02 | Build | Palisade Wall |
| 10:04 | Build | Palisade Wall |
| 10:07 | Build | House |
| 10:11 | Research | Feudal Age |
| 10:18 | Build | Palisade Wall |
| 10:57 | Build | Palisade Wall |
| 11:25 | Create | Villager (Male) |
| 11:40 | Build | Palisade Wall |
| 12:08 | Build | Palisade Wall |
| 12:27 | Age | Feudal Age |
| 12:46 | Build | Palisade Wall |
| 12:55 | Build | Palisade Wall |
| 12:58 | Create | Villager (Male) |
| 12:58 | Create | Villager (Male) |
| 12:59 | Create | Villager (Male) |
| 13:02 | Research | Horse Collar |
| 13:03 | Research | Double-Bit Axe |
| 13:09 | Build | Palisade Wall |
| 13:19 | Create | Villager (Male) |
| 13:27 | Build | Archery Range |
| 13:28 | Build | Archery Range |
| 13:51 | Build | Market |
| 13:56 | Build | House |
| 13:57 | Build | House |
| 13:58 | Build | House |
| 14:01 | Create | Villager (Male) |
| 14:14 | Build | House |
| 14:46 | Build | House |
| 14:47 | Build | House |
| 14:48 | Build | House |
| 14:50 | Build | House |
| 15:06 | Create | Archer |
| 15:07 | Create | Archer |
| 15:07 | Create | Villager (Male) |
| 15:08 | Create | Villager (Male) |
| 15:08 | Create | Villager (Male) |
| 15:27 | Create | Villager (Male) |
| 15:38 | Build | Blacksmith |
| 15:54 | Build | House |
| 16:01 | Build | Palisade Wall |
| 16:05 | Create | Villager (Male) |
| 16:20 | Build | Farm |
| 16:20 | Build | Farm |
| 16:24 | Build | Farm |
| 16:25 | Build | Farm |
| 16:25 | Build | Farm |
| 16:25 | Build | Farm |
| 16:27 | Build | Farm |
| 16:46 | Create | Archer |
| 16:46 | Create | Archer |
| 16:47 | Create | Villager (Male) |
| 16:47 | Create | Villager (Male) |
| 16:58 | Create | Archer |
| 17:06 | Build | Lumber Camp |
| 17:18 | Build | House |
| 17:20 | Build | House |
| 17:41 | Build | Lumber Camp |
| 17:58 | Build | House |
| 18:05 | Build | Watch Tower |
| 18:11 | Build | Farm |
| 18:18 | Build | Farm |
| 18:18 | Build | Farm |
| 18:18 | Build | Farm |
| 18:18 | Build | Farm |
| 18:20 | Build | Farm |
| 18:20 | Build | Farm |
| 18:46 | Build | Farm |
| 18:49 | Build | Farm |
| 19:13 | Build | House |
| 19:14 | Build | House |
| 19:15 | Build | House |
| 19:16 | Build | House |
| 19:17 | Build | House |
| 19:23 | Create | Spearman |
| 19:23 | Create | Spearman |
| 20:01 | Build | House |
| 20:04 | Build | Palisade Wall |
| 20:08 | Build | Palisade Wall |
| 20:20 | Build | Barracks |
| 21:18 | Create | Spearman ×5 |
| 21:19 | Create | Villager (Male) |
| 21:19 | Create | Villager (Male) |
| 21:19 | Create | Villager (Male) |
| 21:20 | Create | Villager (Male) |
| 21:25 | Build | House |
| 21:34 | Create | Archer |
| 21:34 | Create | Archer |
| 22:19 | Create | Villager (Male) |
| 22:20 | Create | Villager (Male) |
| 22:36 | Research | Man-at-Arms (upgrade) |
| 22:37 | Research | Arson |
| 22:37 | Create | Villager (Male) |
| 22:38 | Create | Villager (Male) |
| 22:48 | Build | Mill |
| 22:51 | Build | Farm |
| 22:51 | Build | Farm |
| 22:51 | Build | Farm |
| 22:52 | Build | Farm |
| 23:00 | Create | Spearman |
| 23:00 | Create | Spearman |
| 24:32 | Build | Farm |
| 25:14 | Create | Militia |
| 25:14 | Create | Militia |
| 25:15 | Create | Militia |
| 25:15 | Create | Militia |
| 25:15 | Create | Militia |
| 25:15 | Create | Militia |
| 25:16 | Create | Militia |
| 25:17 | Create | Villager (Male) |
| 25:17 | Create | Villager (Male) |
| 25:17 | Create | Villager (Male) |
| 26:28 | Create | Villager (Male) |
Build order — josecai3314
First 150 of 378 actions detected
| 0:00 | Create | Villager (Male) |
| 0:02 | Build | House |
| 0:03 | Build | House |
| 0:15 | Create | Villager (Male) |
| 0:43 | Create | Villager (Male) |
| 1:12 | Create | Villager (Male) |
| 1:25 | Create | Villager (Male) |
| 1:56 | Create | Villager (Male) |
| 2:22 | Build | Lumber Camp |
| 2:27 | Create | Villager (Male) |
| 2:27 | Create | Villager (Male) |
| 2:57 | Create | Villager (Male) |
| 2:57 | Create | Villager (Male) |
| 3:20 | Build | House |
| 4:30 | Create | Villager (Male) |
| 4:46 | Build | House |
| 4:55 | Create | Villager (Male) |
| 4:55 | Create | Villager (Male) |
| 4:56 | Create | Villager (Male) |
| 5:20 | Create | Villager (Male) |
| 6:05 | Create | Villager (Male) |
| 6:23 | Build | Mill |
| 6:46 | Create | Villager (Male) |
| 7:23 | Research | Feudal Age |
| 7:27 | Research | Loom |
| 8:06 | Build | Barracks |
| 8:51 | Create | Villager (Male) |
| 9:40 | Build | Stable |
| 9:48 | Create | Villager (Male) |
| 10:18 | Build | Palisade Wall |
| 10:29 | Create | Villager (Male) |
| 10:32 | Create | Scout Cavalry |
| 10:38 | Build | Blacksmith |
| 10:45 | Create | Scout Cavalry |
| 10:46 | Create | Villager (Male) |
| 10:58 | Create | Scout Cavalry |
| 11:07 | Build | House |
| 11:09 | Build | House |
| 11:34 | Create | Scout Cavalry |
| 11:37 | Research | Scale Barding Armor |
| 11:38 | Research | Forging |
| 11:47 | Build | Farm |
| 11:49 | Build | Farm |
| 11:55 | Build | Farm |
| 12:02 | Create | Villager (Male) |
| 12:03 | Create | Scout Cavalry |
| 12:14 | Create | Scout Cavalry |
| 12:29 | Build | Farm |
| 12:49 | Create | Villager (Male) |
| 12:56 | Build | Farm |
| 13:11 | Create | Scout Cavalry |
| 13:20 | Build | Farm |
| 13:23 | Create | Villager (Male) |
| 13:35 | Build | Farm |
| 14:02 | Build | Farm |
| 14:17 | Create | Villager (Male) |
| 14:36 | Build | Farm |
| 14:52 | Build | Farm |
| 14:56 | Build | Farm |
| 14:56 | Create | Villager (Male) |
| 15:23 | Create | Villager (Male) |
| 15:47 | Create | Villager (Male) |
| 16:08 | Build | House |
| 16:16 | Build | Lumber Camp |
| 16:19 | Build | House |
| 16:23 | Create | Villager (Male) |
| 16:24 | Create | Villager (Male) |
| 16:29 | Research | Loom |
| 16:41 | Build | Watch Tower |
| 16:47 | Create | Villager (Male) |
| 17:13 | Build | Market |
| 17:14 | Create | Villager (Male) |
| 17:39 | Create | Villager (Male) |
| 17:40 | Create | Villager (Male) |
| 18:03 | Build | Mining Camp |
| 18:04 | Create | Villager (Male) |
| 18:04 | Create | Villager (Male) |
| 18:11 | Build | Farm |
| 18:12 | Build | Farm |
| 18:13 | Create | Villager (Male) |
| 18:37 | Build | Mining Camp |
| 19:08 | Create | Villager (Male) |
| 19:24 | Create | Villager (Male) |
| 19:28 | Create | Villager (Male) |
| 20:00 | Build | Palisade Wall |
| 20:01 | Build | Palisade Wall |
| 20:07 | Create | Villager (Male) |
| 20:07 | Create | Villager (Male) |
| 20:24 | Build | Palisade Wall |
| 20:39 | Create | Villager (Male) |
| 20:39 | Create | Villager (Male) |
| 20:43 | Build | Farm |
| 20:44 | Build | Farm |
| 20:44 | Build | Farm |
| 20:44 | Build | Farm |
| 20:44 | Build | Farm |
| 20:46 | Create | Villager (Male) |
| 21:13 | Create | Villager (Male) |
| 21:17 | Build | Palisade Wall |
| 21:25 | Build | Farm |
| 21:31 | Build | Farm |
| 21:32 | Build | Farm |
| 21:33 | Create | Villager (Male) |
| 22:10 | Create | Villager (Male) |
| 22:12 | Build | Farm |
| 22:23 | Build | House |
| 22:34 | Create | Villager (Male) |
| 22:41 | Research | Castle Age |
| 22:46 | Research | Wheelbarrow |
| 23:14 | Build | Watch Tower |
| 23:17 | Build | House |
| 23:18 | Build | House |
| 23:19 | Build | House |
| 23:53 | Create | Villager (Male) |
| 23:53 | Create | Villager (Male) |
| 24:01 | Build | Mining Camp |
| 24:04 | Create | Villager (Male) |
| 24:10 | Build | Palisade Wall |
| 24:54 | Build | Palisade Wall |
| 24:55 | Build | Palisade Wall |
| 25:14 | Create | Villager (Male) |
| 26:06 | Create | Villager (Male) |
| 26:48 | Build | Palisade Wall |
| 27:03 | Create | Villager (Male) |
| 27:04 | Create | Villager (Male) |
| 27:23 | Build | Castle |
| 27:32 | Build | Palisade Gate |
| 27:37 | Build | House |
| 27:41 | Build | Palisade Gate |
| 27:55 | Build | House |
| 27:57 | Build | Palisade Wall |
| 27:59 | Build | Palisade Wall |
| 28:00 | Build | Palisade Wall |
| 28:02 | Build | Palisade Wall |
| 28:03 | Build | Palisade Wall |
| 28:26 | Create | Villager (Male) |
| 28:27 | Create | Villager (Male) |
| 28:27 | Create | Villager (Male) |
| 28:52 | Create | Villager (Male) |
| 28:52 | Create | Villager (Male) |
| 29:12 | Build | Watch Tower |
| 29:18 | Create | Villager (Male) |
| 29:18 | Create | Villager (Male) |
| 29:44 | Build | Watch Tower |
| 29:48 | Build | House |
| 29:55 | Build | Stone Wall |
| 29:59 | Build | Stone Wall |
| 30:03 | Build | Stone Wall |
| 30:12 | Build | Stone Wall |
| 30:19 | Create | Villager (Male) |
Match timeline
| 7:36 | likes it in the Bum · first_building Barracks |
| 7:41 | likes it in the Bum · wall_segment Palisade Wall x11 |
| 8:06 | josecai3314 · first_building Barracks |
| 9:39 | likes it in the Bum · wall_segment Palisade Wall x5 |
| 9:40 | josecai3314 · first_building Stable |
| 9:53 | likes it in the Bum · wall_segment Palisade Wall x6 |
| 10:02 | likes it in the Bum · wall_segment Palisade Wall x7 |
| 10:04 | likes it in the Bum · wall_segment Palisade Wall x1 |
| 10:18 | josecai3314 · wall_segment Palisade Wall x4 |
| 10:18 | likes it in the Bum · wall_segment Palisade Wall x26 |
| 10:57 | likes it in the Bum · wall_segment Palisade Wall x17 |
| 11:40 | likes it in the Bum · wall_segment Palisade Wall x17 |
| 12:08 | likes it in the Bum · wall_segment Palisade Wall x12 |
| 12:27 | likes it in the Bum · age_up feudal |
| 12:46 | likes it in the Bum · wall_segment Palisade Wall x8 |
| 12:55 | likes it in the Bum · wall_segment Palisade Wall x5 |
| 13:09 | likes it in the Bum · wall_segment Palisade Wall x4 |
| 13:27 | likes it in the Bum · first_building Archery Range |
| 16:01 | likes it in the Bum · wall_segment Palisade Wall x1 |
| 20:00 | josecai3314 · wall_segment Palisade Wall x7 |
| 20:01 | josecai3314 · wall_segment Palisade Wall x6 |
| 20:04 | likes it in the Bum · wall_segment Palisade Wall x2 |
| 20:08 | likes it in the Bum · wall_segment Palisade Wall x3 |
| 20:24 | josecai3314 · wall_segment Palisade Wall x2 |
| 21:17 | josecai3314 · wall_segment Palisade Wall x1 |
| 24:10 | josecai3314 · wall_segment Palisade Wall x2 |
| 24:54 | josecai3314 · wall_segment Palisade Wall x1 |
| 24:55 | josecai3314 · wall_segment Palisade Wall x1 |
| 26:48 | josecai3314 · wall_segment Palisade Wall x1 |
| 27:09 | josecai3314 · first_market_sell 100 wood |
| 27:12 | josecai3314 · first_market_buy 100 stone |
| 27:23 | josecai3314 · first_building Castle |
| 27:57 | josecai3314 · wall_segment Palisade Wall x1 |
| 27:59 | josecai3314 · wall_segment Palisade Wall x1 |
| 28:00 | josecai3314 · wall_segment Palisade Wall x1 |
| 28:02 | josecai3314 · wall_segment Palisade Wall x1 |
| 28:03 | josecai3314 · wall_segment Palisade Wall x2 |
| 29:55 | josecai3314 · wall_segment Stone Wall x2 |
| 29:59 | josecai3314 · wall_segment Stone Wall x1 |
| 30:01 | likes it in the Bum · wall_segment Palisade Wall x15 |
| 30:03 | josecai3314 · wall_segment Stone Wall x3 |
| 30:12 | josecai3314 · wall_segment Stone Wall x2 |
| 30:50 | josecai3314 · wall_segment Stone Wall x4 |
| 31:55 | likes it in the Bum · age_up castle |
| 32:19 | likes it in the Bum · first_market_sell 100 wood |
| 32:21 | likes it in the Bum · first_market_buy 100 stone |
| 33:54 | josecai3314 · first_building Siege Workshop |
| 36:55 | likes it in the Bum · first_building Castle |
| 37:42 | likes it in the Bum · first_building Stable |
| 41:07 | josecai3314 · first_building Monastery |
| 41:47 | likes it in the Bum · first_building Monastery |
| 42:56 | josecai3314 · wall_segment Stone Wall x6 |
| 43:05 | josecai3314 · wall_segment Stone Wall x6 |
| 43:07 | josecai3314 · wall_segment Stone Wall x7 |
| 51:51 | likes it in the Bum · age_up imperial |
| 64:56 | likes it in the Bum · resign |
[ AI ANALYSIS · 1 CREDIT ]
What really happened in this match?
Wolo.gg analyzes every decision: build order, eco, micro, common mistakes by bracket. Personalized analysis on WhatsApp or Discord in 30 seconds.
Civ guide
Chinese
Map guide
Arabia
Perfil
Jugador #292888